 Dungeon Crawl Stone Soup version 0.23.2-11-gf996548c65 (webtiles) character file.

Game seed: 4123693515890578899

288 Kobolds4U the Slasher (level 6, -4/51 HPs)
             Began as a Minotaur Fighter on June 5, 2019.
             Killed from afar by an orc wizard (8 damage)
             ... with a magic dart
             ... on level 3 of the Dungeon.
             The game lasted 00:04:17 (2218 turns).

Kobolds4U the Slasher (Minotaur Fighter)            Turns: 2218, Time: 00:04:18

Health: -4/51      AC: -3    Str: 20    XL:     6   Next: 9%
Magic:  5/5        EV:  9    Int:  5    God:
Gold:   154        SH:  9    Dex: 12    Spells: 5/5 levels left

rFire    . . .     SeeInvis .   a - +0 long sword
rCold    . . .     Gourm    .   c - +0 shield
rNeg     . . .     Faith    .   (no armour)
rPois    .         Spirit   .   (helmet restricted)
rElec    .         Reflect  .   (no cloak)
rCorr    .         Harm     +   (no gloves)
MR       .....                  (no boots)
Stlth    +.........             t - amulet of harm
HPRegen  0.17/turn              b - -3 ring of protection (curse)
MPRegen  0.09/turn              (no ring)

@: no status effects
A: retaliatory headbutt, horns 2
a: no special abilities


You were on level 3 of the Dungeon.
You were not hungry.

You visited 1 branch of the dungeon, and saw 3 of its levels.

You collected 154 gold pieces.

Inventory:

Hand Weapons
 a - a +0 long sword (weapon)
Missiles
 e - 4 tomahawks (quivered)
 l - 7 javelins
 u - a throwing net
Armour
 c - a +0 shield (worn)
 q - a +0 chain mail
Jewellery
 b - a cursed -3 ring of protection (left hand)
 t - an amulet of harm (around neck)
Scrolls
 h - a scroll of random uselessness {unknown}
 n - a scroll of amnesia {unknown}
 p - 3 scrolls of enchant armour {unknown}
 r - 3 scrolls of identify {unknown}
 s - 3 scrolls of remove curse {unknown}
 v - a scroll of immolation {unknown}
Potions
 d - 2 potions of might
 g - a potion of magic {unknown}
 i - a potion of brilliance {unknown}
 j - a potion of mutation {unknown}
 k - 2 potions of lignification {unknown}
 o - 2 potions of resistance {unknown}
Comestibles
 f - 10 rations
 m - 9 chunks of flesh


   Skills:
 - Level 3.6 Fighting
 + Level 7.0 Long Blades
 - Level 2.4 Throwing
 - Level 3.6 Armour
 - Level 3.6 Shields


You had 5 spell levels left.
You didn't know any spells.
Your spell library was empty.

Dungeon Overview and Level Annotations

Branches:
Dungeon (3/15)

Altars:
Makhleb
Ru
The Shining One

Annotations:
D:3 3 runed translucent doors, Supaplex's ghost, amateur DsFi


Innate Abilities, Weirdness & Mutations

You reflexively headbutt those who attack you in melee.
You have a pair of horns on your head.


Message History

The magic dart hits you!
* * * LOW HITPOINT WARNING * * *
Something hits you.
* * * LOW HITPOINT WARNING * * *
You barely miss the orc wizard.
The orc wizard is almost dead.
The orc closely misses you.
The orc wizard gestures at you while chanting.
You resist with some effort. Something hits you but does no damage.
You block the orc wizard's attack. The orc hits you.
* * * LOW HITPOINT WARNING * * *
You hit the orc wizard but do no damage.
The orc wizard is almost dead.
You block the orc wizard's attack. Something completely misses you.
The orc closely misses you.
You closely miss the orc wizard. You headbutt the orc wizard.
The orc wizard is almost dead.
The orc wizard gestures at you while chanting.
The magic dart hits you!
You die...

####.#....##.....#
#......##.....#
##.###.##.....#
#.....##.....#
##).#.##.....# ####
#.....+.....# #### ...#
#..#.##..†).# #####..#
...# ##.#.##..)o{#
##P⌠P##.# ..[#
#...##....@# #...KK#.#
...# ##..##....o#
..###K+.## ...#
#..##.....# ).KKWK+..#
...#
#..#####.####$.###K+..#
...# #..#
#..#..##...KK#..# ...#
##># #..#.####{KK##..#
...# #.####.##.#
#####...# ####
#.......#.# #.###..#
#####.#.#.# #.....##


You could see an orc wizard and an orc.

Vanquished Creatures
  A bullfrog (D:2)
  An orc priest (D:3)
  Natasha (thrice) (D:2)
  Terence (D:2)
  4 adders
  A worm (D:2)
  A dart slug (D:3)
  A leopard gecko (D:2)
  6 orcs (D:3)
  A giant cockroach (D:3)
  2 goblins (D:2)
  11 hobgoblins
  6 kobolds
  A quokka (D:2)
  7 bats
  4 frilled lizards
  8 rats
59 creatures vanquished.

Vanquished Creatures (others)
  A fungus (D:3)
1 creature vanquished.

Grand Total: 60 creatures vanquished

Notes
Turn   | Place    | Note
-------+----------+-------------------------------------------
     0 | D:1      | Kobolds4U the Minotaur Fighter began the quest for the Orb.
     0 | D:1      | Reached XP level 1. HP: 19/19 MP: 0/0
   223 | D:1      | Reached skill level 1 in Throwing
   304 | D:1      | Reached XP level 2. HP: 25/26 MP: 1/1
   468 | D:1      | Reached skill level 3 in Long Blades
   698 | D:2      | Found a glowing golden altar of the Shining One.
   698 | D:2      | Found a burning altar of Makhleb.
   719 | D:2      | Noticed Natasha
   723 | D:2      | Killed Natasha
   723 | D:2      | Reached XP level 3. HP: 28/31 MP: 2/2
   809 | D:2      | Noticed Terence
   820 | D:2      | Killed Terence
   820 | D:2      | Reached skill level 4 in Long Blades
   820 | D:2      | Reached XP level 4. HP: 35/39 MP: 3/3
   866 | D:2      | Noticed Natasha
   876 | D:2      | Killed Natasha
   876 | D:2      | Reached skill level 5 in Long Blades
   985 | D:2      | Noticed Natasha
   993 | D:2      | Killed Natasha
   993 | D:2      | Reached XP level 5. HP: 38/45 MP: 4/4
  1147 | D:2      | Reached skill level 6 in Long Blades
  1305 | D:2      | Found a sacrificial altar of Ru.
  1820 | D:3      | Reached XP level 6. HP: 51/51 MP: 5/5
  2083 | D:3      | Reached skill level 7 in Long Blades
  2144 | D:3      | Found a runed translucent gate.
  2144 | D:3      | Found a runed translucent gate.
  2144 | D:3      | Found a runed translucent gate.
  2144 | D:3      | Identified the cursed +2 short sword of Causality {pain,
                  | rF++ rC-}
  2146 | D:3      | Noticed Supaplex's ghost (amateur DsFi)
  2218 | D:3      | Killed from afar by an orc wizard

Skill      XL: |  1  2  3  4  5  6 |
---------------+-------------------+-----
Throwing       | 1 2 |  2.4
Long Blades    | 3 4 5 6 7 |  7.0
Fighting       | |  3.6
Armour         | |  3.6
Shields        | |  3.6

Action                   |  1- 3 |  4- 6 || total
-------------------------+-------+-------++-------
Melee: Long sword        |    62 |    79 ||   141
       Headbutt          |     9 |    17 ||    26
 Stab: Sleeping          |       |     1 ||     1
  Eat: Chunk             |       |     4 ||     4
Armor: Scale mail        |    10 |       ||    10
       Chain mail        |    11 |    23 ||    34
Dodge: Dodged            |    20 |    24 ||    44
Block: Shield            |    25 |    39 ||    64
       Rpst.: Long sword |     7 |     8 ||    15
